 Dungeon Crawl Stone Soup version 0.31-a0-868-g674d60d6f7 (webtiles) character file.

Game seed: 403773440611700405

582 pokeman the Magician (level 7, -2/39 HPs)
             Began as a Deep Elf Hedge Wizard on Oct 12, 2023.
             Slain by an ice beast (11 damage)
             ... on level 5 of the Dungeon.
             The game lasted 00:06:37 (4521 turns).

pokeman the Magician (Deep Elf Hedge Wizard)        Turns: 4521, Time: 00:06:37

Health: -2/39      AC:  2    Str:  7    XL:     7   Next: 14%
Magic:  6/20       EV: 13    Int: 21    God:
Gold:   263        SH:  0    Dex: 14    Spells: 13/21 levels left

rFire   . . .        g - +1 whip (vamp)
rCold   . . .        (no shield)
rNeg    . . .        b - +0 robe
rPois   .            c - +0 hat
rElec   .            (no cloak)
rCorr   .            (no gloves)
SInv    .            (no boots)
Will    .....        l - amulet of regeneration
Stlth   ++           (no ring)
HPRegen 1.06/turn    (no ring)
MPRegen 0.17/turn

%: no passive effects
@: no status effects
A: no striking features
a: no special abilities


You were on level 5 of the Dungeon.
You visited 1 branch of the dungeon, and saw 5 of its levels.

You collected 263 gold pieces.

Inventory:

Hand Weapons
 g - a +1 vampiric whip (weapon)
Missiles
 r - a curare-tipped dart
Armour
 b - a +0 robe (worn)
 c - a +0 hat (worn)
 q - a +0 buckler
Magical Staves
 a - a staff of air
Jewellery
 l - an amulet of regeneration (around neck)
Wands
 m - a wand of roots (26)
Scrolls
 e - 5 scrolls of identify {unknown}
 h - 5 scrolls of teleportation {unknown}
 j - 2 scrolls of noise {unknown}
 k - a scroll of poison {unknown}
 o - a scroll of blinking {unknown}
 p - a scroll of fog {unknown}
 t - a scroll of acquirement {unknown}
 u - a scroll of enchant armour {unknown}
Potions
 d - 3 potions of magic
 f - a potion of ambrosia {unknown}
 i - 2 potions of degeneration {unknown}
 n - a potion of invisibility {unknown}
 s - a potion of might {unknown}


   Skills:
 + Level 1.7 Fighting
 - Level 1.0 Armour
 - Level 3.2 Dodging
 - Level 3.3 Stealth
 * Level 7.8 Spellcasting
 + Level 3.9 Conjurations
 - Level 1.1 Summonings
 - Level 1.1 Translocations
 - Level 1.1 Air Magic
 - Level 1.1 Poison Magic
 - Level 1.1 Evocations


You had 13 spell levels left.
You knew the following spells:

 Your Spells              Type           Power      Damage    Failure   Level
a - Magic Dart            Conj           96%        1d7       1%          1
b - Mephitic Cloud        Conj/Pois/Air  16%        N/A       11%         3
c - Call Imp              Summ           24%        N/A       8%          2
d - Blink                 Tloc           24%        N/A       8%          2

Your spell library contained the following spells:

 Spells                   Type           Power      Damage    Failure   Level
 Slow                     Hex            32%        N/A       9%          1
 Cigotuvi's Dreadful Rot  Necr/Pois/Air  22%        N/A       9%          2
 Manifold Assault         Tloc           12%        N/A       45%         4
 Summon Forest            Summ/Tloc      6%         N/A       82%         5
 Eringya's Noxious Bog    Tmut/Pois      5%         4d6       100%        6
 Summon Hydra             Summ           6%         N/A       100%        7


Dungeon Overview and Level Annotations

Branches:
Dungeon (5/15)
 Temple: D:4-7

Altars:

Annotations:
D:5 Loot behind rock


Message History

Your cerulean imp hits the ice beast with a -3 spear.
Casting: Magic Dart (safe; 1% risk of failure)
Confirm with . or Enter, or press ? or * to list all spells.
Aiming: Magic Dart (safe; 1% risk of failure)
Press: ? - help, Shift-Dir - straight line, f/p - ice beast
Aim: an ice beast (heavily wounded, ally target, 100% to hit)
The magic dart hits the ice beast.
The ice beast is severely wounded.
The ice beast barely misses you.
Your cerulean imp barely misses the ice beast.
Casting: Magic Dart (safe; 1% risk of failure)
Confirm with . or Enter, or press ? or * to list all spells.
Aiming: Magic Dart (safe; 1% risk of failure)
Press: ? - help, Shift-Dir - straight line, f/p - ice beast
Aim: an ice beast (severely wounded, ally target, 100% to hit)
The magic dart hits the ice beast but does no damage.
The ice beast is severely wounded.
The ice beast hits you. The ice beast freezes you!
Your cerulean imp hits the ice beast but does no damage.
Casting: Magic Dart (safe; 1% risk of failure)
Confirm with . or Enter, or press ? or * to list all spells.
Aiming: Magic Dart (safe; 1% risk of failure)
Press: ? - help, Shift-Dir - straight line, f/p - ice beast
Aim: an ice beast (severely wounded, ally target, 100% to hit)
The magic dart hits the ice beast.
The ice beast is severely wounded.
The ice beast hits you. The ice beast freezes you!
* * * LOW HITPOINT WARNING * * *
Your cerulean imp hits the ice beast but does no damage.
Casting: Magic Dart (safe; 1% risk of failure)
Confirm with . or Enter, or press ? or * to list all spells.
Aiming: Magic Dart (safe; 1% risk of failure)
Press: ? - help, Shift-Dir - straight line, f/p - ice beast
Aim: an ice beast (severely wounded, ally target, 100% to hit)
The magic dart hits the ice beast but does no damage.
The ice beast is severely wounded.
The ice beast hits you.
* * * LOW HITPOINT WARNING * * *
The ice beast freezes you!
You die...

# ### .## +.#
..## ###.#+##).#
#.....##.)
#.....##'##
#.....#)5.#
#####.#'#Y.(#+#
+...'.#.@.....#
###...#####...###
#.......#.+...+
#+#...#+#.#####
#...#.....#
##'##.....+
#...#.....#
#+#...#'#.#####
#.......#.'...+


You could see an ice beast (ally target) and a friendly cerulean imp (summoned).

Vanquished Creatures
  A black bear (D:4)
  An ogre (D:4)
  A kobold brigand (D:4)
  3 hounds (D:4)
  3 iguanas
  An orc wizard (D:5)
  A gnoll (D:4)
  5 adders
  A dart slug (D:2)
  12 orcs
  7 ball pythons
  6 endoplasms
  3 giant cockroaches
  3 goblins
  8 hobgoblins
  2 quokkas (D:4)
  4 bats
  3 frilled lizards
  9 kobolds
  6 rats
80 creatures vanquished.

Vanquished Creatures (collateral kills)
  An orc (D:5)
1 creature vanquished.

Grand Total: 81 creatures vanquished

Notes
Turn   | Place    | Note
-------+----------+-------------------------------------------
     0 | D:1      | pokeman the Deep Elf Hedge Wizard began the quest for the
                  | Orb.
     0 | D:1      | Reached XP level 1. HP: 10/10 MP: 7/7
   266 | D:1      | Reached XP level 2. HP: 15/15 MP: 6/9
  1130 | D:2      | Reached skill level 5 in Spellcasting
  1130 | D:2      | Reached XP level 3. HP: 17/20 MP: 4/11
  1134 | D:2      | Learned a level 3 spell: Mephitic Cloud
  1137 | D:2      | Learned a level 2 spell: Call Imp
  1140 | D:2      | Learned a level 2 spell: Blink
  1486 | D:2      | Reached skill level 1 in Fighting
  1486 | D:2      | Reached skill level 1 in Armour
  1798 | D:2      | Reached XP level 4. HP: 25/25 MP: 11/13
  2123 | D:3      | You fall into a shaft and drop 1 floor!
  2468 | D:3      | Found a faded altar of an unknown god.
  2973 | D:4      | Noticed an ogre
  2994 | D:4      | Killed an ogre
  2995 | D:4      | Reached skill level 6 in Spellcasting
  2995 | D:4      | Reached XP level 5. HP: 29/29 MP: 0/15
  3116 | D:4      | Noticed a black bear
  3134 | D:4      | Killed a black bear
  3135 | D:4      | Reached XP level 6. HP: 34/34 MP: 2/17
  3295 | D:4      | Reached skill level 1 in Air Magic
  3295 | D:4      | Reached skill level 1 in Poison Magic
  3295 | D:4      | Reached skill level 1 in Evocations
  3296 | D:4      | Reached skill level 7 in Spellcasting
  3845 | D:4      | Reached XP level 7. HP: 34/38 MP: 6/20
  4191 | D:5      | Entered Level 5 of the Dungeon
  4521 | D:5      | Slain by an ice beast

Illustrated notes

Levels and vault maps discovered:
D:1:      saegor_arrival_simple_c, layout_rooms, hangedman_abyss_or_decor_stabs
D:2:      layout_loops_corners
D:3:      layout_rooms, hellmonk_ecumenical_altar_arch_garden, minivault_19,
          kennysheep_nub
D:4:      black_bear_nest_2, layout_loops_ring, cheibrodos_gnoll_hut
D:5:      nicolae_cairo_tiling_large, layout_basic, cheibriados_altar_2,
          mainiacjoe_overflow_small_starburst, mainiacjoe_overflow_catwalk,
          minitemple, minmay_temple_entry_mini_moons, due_unseen_surprise

Skill      XL: |  1  2  3  4  5  6 |
---------------+-------------------+-----
Spellcasting   | 5 6 7 |  7.8
Fighting       | 1 |  1.7
Armour         | 1 |  1.0
Conjurations   | 2 3 |  3.9
Dodging        | 3 |  3.2
Stealth        | 3 |  3.3
Air Magic      | 1 |  1.1
Poison Magic   | 1 |  1.1
Evocations     | 1 |  1.1
Summonings     | |  1.1
Translocations | |  1.1

Action                     |  1- 3 |  4- 6 |  7- 9 || total
---------------------------+-------+-------+-------++-------
  Melee: Dagger            |     7 |       |       ||     7
         Whip              |     2 |    35 |     6 ||    43
   Cast: Magic Dart        |    78 |   122 |    25 ||   225
         Mephitic Cloud    |       |     7 |     2 ||     9
         Call Imp          |       |       |     1 ||     1
   Stab: Sleeping          |     1 |       |       ||     1
         Confused          |       |     2 |       ||     2
 Armour: Robe              |     8 |    31 |     6 ||    45
  Dodge: Dodged            |     9 |    49 |     7 ||    65

Table legend: (Time is in decaauts)
 A = Elapsed time spent in this place.
 B = Non-inter-level travel time spent in this place.
 C = Inter-level travel time spent in this place.
 D = Time resting spent in this place.
 E = Time spent auto-exploring this place.
 F = Levels seen in this place.
 G = Mean time per level.
                   A        B        C        D        E       F      G
               +--------+--------+--------+--------+--------+-----+--------+
         Total |   4523 |   4421 |    102 |      0 |   3905 |   5 |  904.6 |
       Dungeon |   4523 |   4421 |    102 |      0 |   3905 |   5 |  904.6 |
               +--------+--------+--------+--------+--------+-----+--------+

Top non-repeatable levels by time:
     D:4: 1608 daAuts
     D:2: 1261 daAuts
     D:1: 732 daAuts
     D:3: 591 daAuts
     D:5: 330 daAuts
